Pick #1

Connor Bedard
Pick #2

Leo Carlsson
Pick #3

Adam Fantilli
Pick #4

Matvei Michkov
Pick #5

David Reinbacher
Pick #6

William Smith
Pick #7

Zachary Benson
Pick #8

Ryan Leonard
Pick #9

Gabriel Perreault
Pick #10

Axel Sandin-Pellika
Pick #11

Daniil But
Pick #12

Dalibor Dvorsky
Pick #13

Quentin Musty
Pick #14

Brayden Yager
Pick #15

Dmitry Simashev
Pick #16

Colby Barlow
Pick #17

Andrew Cristall
Pick #18

Easton Cowan
Pick #19

Jacob Fowler
Pick #20

Oliver Moore
Pick #21

Oliver Bonk
Pick #22

Tom Willander
Pick #23

Calum Ritchie
Pick #24

Tanner Molendyk
Pick #25

Gavin Brindley
Pick #26

Nate Danielson
Pick #27

Pick #28

Pick #29

Pick #30

Pick #31

Pick #32

Pick #33

Pick #34

Pick #35

Pick #36

Pick #37

Pick #38

Pick #39

Pick #40

Pick #41

Pick #42

Pick #43

Pick #44

Pick #45

Pick #46

Pick #47

Pick #48

Pick #49

Pick #50

Pick #51

Pick #52

Pick #53

Pick #54

Pick #55

Pick #56

Pick #57

Pick #58

Pick #59

Pick #60

Pick #61

Pick #62

Pick #63

Pick #64

Pick #65

Pick #66

Pick #67

Pick #68

Pick #69

Pick #70

Pick #71

Pick #72

Pick #73

Pick #74

Pick #75

Pick #76

Pick #77

Pick #78

Pick #79

Pick #80

Pick #81

Pick #82

Pick #83

Pick #84

Pick #85

Pick #86

Pick #87

Pick #88

Pick #89

Pick #90

Pick #91

Pick #92

Pick #93

Pick #94

Pick #95

Pick #96

Pick #97

Pick #98

Pick #99

Pick #100

Pick #101

Pick #102

Pick #103

Pick #104

Pick #105

Pick #106

Pick #107

Pick #108

Pick #109

Pick #110

Pick #111

Pick #112

Pick #113

Pick #114

Pick #115

Pick #116

Pick #117

Pick #118

Pick #119

Pick #120

Pick #121

Pick #122

Pick #123

Pick #124

Pick #125

Pick #126

Pick #127

Pick #128

Pick #129

Pick #130

Full Scoreboard »»

Lightning vs Stars

Created - January 26, 2024 at 23:14

Goals
1 2 3 OT1 T
Lightning 1 1 0 1 3
Stars 2 0 0 0 2
Shots
1 2 3 OT1 T
Lightning 11 9 7 2 29
Stars 9 18 15 0 42

GoalsPenalties
1st period
1. Stars , Viktor Arvidsson 4 (Nazem Kadri 16, Nick Jensen 8) at 1:27
2. Lightning , Patrice Bergeron 20 (Andrew Peeke 8, William Karlsson 15) at 2:27
3. Stars , Timo Meier 24 (Elias Lindholm 15) at 6:19
Vincent Trocheck (DAL) for Hooking (Minor) at 13:39
2nd period
4. Lightning , Patrice Bergeron 21 (William Karlsson 16, Tyler Toffoli 15) at 11:18
Andrew Peeke (TBL) for Holding (Minor) at 12:33
Radko Gudas (TBL) for Interference (Minor) at 19:14
3rd period
No Goal
Radko Gudas (TBL) for Roughing (Minor) at 4:21
Ryan Strome (TBL) for Holding (Minor) at 7:14
Nazem Kadri (DAL) for Holding (Minor) at 19:09
Overtime #1
5. Lightning , John Klingberg 5 (Barclay Goodrow 7, Erik Haula 9) at 0:22 (PP)
No Penalty
Goalie Stats
Jacob Markstrom (TBL), 40 saves from 42 shots - (0.952), W, 22-9-5, 60:23 minutes
Connor Hellebuyck (DAL), 26 saves from 29 shots - (0.897), OTL, 14-17-3, 60:23 minutes
3 StarsOfficial
1 - Patrice Bergeron (TBL)
2 - Jacob Markstrom (TBL)
3 - William Karlsson (TBL)
Referees : Dan O'Halloran and Justin Kea
Linesman : Robb Harrell and Brendan Lewis
Game Note
No Game Note
Finance
Level 1 -- Attendance: 3617 (60.28%) -- Ticket Income $632,975
Level 2 -- Attendance: 3172 (63.44%) -- Ticket Income $396,500
Level 3 -- Attendance: 1674 (83.70%) -- Ticket Income $199,206
Level 4 -- Attendance: 2937 (64.81%) -- Ticket Income $114,543
Luxury Box -- Attendance: 560 (56.00%) -- Ticket Income $168,000
Game was played at the American Airlines Center.
Total Attendance: 11960 (64.54%)
Total Ticket Income: $1,511,224
Other Income: $377,806
Total Income: $1,889,030



Team Name Goals Shots Shots Attemp Shots Blocked PIM HIT PP PK FO%
Lightning 32959128311 / 2 (50%)049%
Stars 2429074220 / 4 (0%)151%

Lightning
Player Name POS G A P +/- PIM HIT SHT SB MP PP MP PP SHT PK MP PK SHT FO% FOT
Alex KillornLW000-101008:390:1600:0000% 0
Andrew PeekeD0111221112:570:0000:0000% 0
Barclay GoodrowC011001209:390:0002:280100% 3
Ben ChiarotD0000031321:321:0403:1200% 0
Brandon MontourD000-1042025:531:4504:4400% 0
Brock NelsonC000-1006116:460:4800:05057% 21
Dawson MercerC000-1020011:250:3402:2800% 0
Erik HaulaLW0110010012:390:0005:28067% 3
Jeff SkinnerLW000-1003016:410:4800:000100% 1
John KlingbergD101-1032225:531:4514:4400% 0
Kevin ShattenkirkD0000000221:160:4803:1200% 0
Patrice BergeronC2022035019:561:4500:00043% 28
Radko GudasD0001420013:120:1600:0000% 0
Ryan StromeC000-121108:220:0000:00031% 13
Sam BennettC000-1062117:041:1100:0000% 0
Teddy BluegerC0000011112:270:1605:23050% 20
Tyler ToffoliRW0112012019:151:0400:0000% 0
William KarlssonC0222001119:561:4500:00050% 2
Stars
Player Name POS G A P +/- PIM HIT SHT SB MP PP MP PP SHT PK MP PK SHT FO% FOT
Anton LundellC000000008:290:0002:05050% 10
Carter VerhaegheC0001014014:103:3210:000100% 1
Dylan LarkinC000-1016020:123:3211:07063% 19
Elias LindholmC0110023018:220:0001:42067% 6
Evan BouchardD0001002120:354:2410:0000% 0
Gustav ForslingD000-2001425:514:2411:4000% 0
Jesper BrattLW000-1001021:044:2401:07050% 2
MacKenzie WeegarD000-2022024:593:3221:4000% 0
Marcus PetterssonD0001040013:170:0000:0000% 0
Nazem KadriC0111211014:093:3210:00059% 17
Nick JensenD0111000114:490:0001:3200% 0
Rickard RakellRW000000206:240:0000:0000% 0
Sean DurziD0001040121:153:3201:3200% 0
Sidney CrosbyC0000005021:044:2420:00037% 35
Tanner PearsonLW000000006:240:0000:0000% 0
Timo MeierRW10100311021:044:2440:0000% 0
Viktor ArvidssonRW1011002010:380:0000:0000% 1
Vincent TrocheckC000-1242015:320:0000:0000% 0



Play-by-Play

1st period


0:01 of 1st period - Patrice Bergeron wins face-off versus Sidney Crosby in neutral zone.
0:01 of 1st period - Patrice Bergeron is hit by Timo Meier.
0:04 of 1st period - Brandon Montour is hit by MacKenzie Weegar.
0:19 of 1st period - Icing by Patrice Bergeron.
0:20 of 1st period - Dylan Larkin wins face-off versus Patrice Bergeron in Lightning zone.
0:44 of 1st period - Shot by Patrice Bergeron.
0:44 of 1st period - Stopped by Connor Hellebuyck without a rebound.
0:45 of 1st period - Nazem Kadri wins face-off versus Brock Nelson in Stars zone.
0:45 of 1st period - Viktor Arvidsson is hit by Sam Bennett.
1:27 of 1st period - Shot by Viktor Arvidsson.
1:27 of 1st period - Goal by Viktor Arvidsson - Lightning : 0 - Stars : 1.
1:28 of 1st period - Sidney Crosby wins face-off versus Ryan Strome in neutral zone.
1:43 of 1st period - Shot by Timo Meier.
1:43 of 1st period - Stopped by Jacob Markstrom without a rebound.
1:44 of 1st period - Anton Lundell wins face-off versus Erik Haula in Lightning zone.
1:44 of 1st period - Rickard Rakell is hit by John Klingberg and loses puck.
2:08 of 1st period - Off-side.
2:09 of 1st period - Dylan Larkin wins face-off versus Patrice Bergeron in neutral zone.
2:14 of 1st period - Gustav Forsling is hit by Tyler Toffoli and loses puck.
2:27 of 1st period - Shot by Patrice Bergeron.
2:27 of 1st period - Goal by Patrice Bergeron - Lightning : 1 - Stars : 1.
2:28 of 1st period - Ryan Strome wins face-off versus Sidney Crosby in neutral zone.
2:34 of 1st period - Dawson Mercer is hit by Sean Durzi and loses puck.
2:46 of 1st period - Elias Lindholm is hit by John Klingberg and loses puck.
4:35 of 1st period - Jeff Skinner is hit by Marcus Pettersson and loses puck.
5:21 of 1st period - Shot by Tyler Toffoli.
5:21 of 1st period - Shot Misses the Net.
5:57 of 1st period - Shot by Erik Haula.
5:57 of 1st period - Shot Misses the Net.
5:59 of 1st period - Shot by Barclay Goodrow.
5:59 of 1st period - Shot Misses the Net.
6:01 of 1st period - Shot by Teddy Blueger.
6:01 of 1st period - Stopped by Connor Hellebuyck without a rebound.
6:02 of 1st period - Ryan Strome wins face-off versus Elias Lindholm in Stars zone.
6:19 of 1st period - Shot by Timo Meier.
6:19 of 1st period - Goal by Timo Meier - Lightning : 1 - Stars : 2.
6:20 of 1st period - Teddy Blueger wins face-off versus Anton Lundell in neutral zone.
7:08 of 1st period - Icing by Anton Lundell.
7:09 of 1st period - Anton Lundell wins face-off versus William Karlsson in Stars zone.
7:13 of 1st period - Icing by MacKenzie Weegar.
7:14 of 1st period - Patrice Bergeron wins face-off versus Anton Lundell in Stars zone.
7:14 of 1st period - Patrice Bergeron is hit by MacKenzie Weegar.
7:35 of 1st period - Patrice Bergeron is hit by Sean Durzi and loses puck.
7:42 of 1st period - Shot by Elias Lindholm.
7:42 of 1st period - Stopped by Jacob Markstrom without a rebound.
7:43 of 1st period - Dylan Larkin wins face-off versus Brock Nelson in Lightning zone.
7:48 of 1st period - Shot by Jesper Bratt.
7:48 of 1st period - Stopped by Jacob Markstrom without a rebound.
7:49 of 1st period - Brock Nelson wins face-off versus Sidney Crosby in Lightning zone.
7:51 of 1st period - Icing by Jeff Skinner.
7:52 of 1st period - Brock Nelson wins face-off versus Sidney Crosby in Lightning zone.
7:52 of 1st period - Brock Nelson is hit by Elias Lindholm.
8:22 of 1st period - Shot by Elias Lindholm.
8:22 of 1st period - Shot Misses the Net.
8:24 of 1st period - Shot by Timo Meier.
8:24 of 1st period - Shot Blocked by Sam Bennett.
8:26 of 1st period - Shot by Evan Bouchard.
8:26 of 1st period - Stopped by Jacob Markstrom with a rebound.
8:28 of 1st period - Shot by Elias Lindholm.
8:28 of 1st period - Deflect By Timo Meier.
8:28 of 1st period - Shot Misses the Net.
8:30 of 1st period - Shot by Sidney Crosby.
8:30 of 1st period - Shot Misses the Net.
9:03 of 1st period - Jesper Bratt is hit by Patrice Bergeron.
9:38 of 1st period - Icing by MacKenzie Weegar.
9:39 of 1st period - Ryan Strome wins face-off versus Dylan Larkin in Stars zone.
10:48 of 1st period - Shot by Jeff Skinner.
10:48 of 1st period - Shot Misses the Net.
10:50 of 1st period - Shot by Andrew Peeke.
10:50 of 1st period - Shot Misses the Net.
10:52 of 1st period - Shot by Brock Nelson.
10:52 of 1st period - Stopped by Connor Hellebuyck without a rebound.
10:53 of 1st period - Patrice Bergeron wins face-off versus Sidney Crosby in Stars zone.
11:19 of 1st period - Off-side.
11:20 of 1st period - Brock Nelson wins face-off versus Nazem Kadri in neutral zone.
11:25 of 1st period - Shot by Brock Nelson.
11:25 of 1st period - Shot Misses the Net.
11:27 of 1st period - Shot by Sam Bennett.
11:27 of 1st period - Stopped by Connor Hellebuyck with a rebound.
11:31 of 1st period - Shot by Brock Nelson.
11:31 of 1st period - Stopped by Connor Hellebuyck with a rebound.
11:41 of 1st period - Shot by Brock Nelson.
11:41 of 1st period - Stopped by Connor Hellebuyck without a rebound.
11:42 of 1st period - Patrice Bergeron wins face-off versus Elias Lindholm in Stars zone.
11:55 of 1st period - Shot by Tyler Toffoli.
11:55 of 1st period - Shot Misses the Net.
11:57 of 1st period - Shot by Brandon Montour.
11:57 of 1st period - Stopped by Connor Hellebuyck with a rebound.
12:24 of 1st period - Shot by Patrice Bergeron.
12:24 of 1st period - Deflect By William Karlsson.
12:24 of 1st period - Stopped by Connor Hellebuyck without a rebound.
12:25 of 1st period - Erik Haula wins face-off versus Nazem Kadri in Stars zone.
12:26 of 1st period - Shot by Teddy Blueger.
12:26 of 1st period - Shot Misses the Net.
12:52 of 1st period - Barclay Goodrow is hit by Carter Verhaeghe and loses puck.
12:59 of 1st period - Gustav Forsling is hit by Teddy Blueger and loses puck.
13:39 of 1st period - Minor Penalty to Vincent Trocheck for Hooking.
13:40 of 1st period - Elias Lindholm wins face-off versus Patrice Bergeron in Stars zone.
14:03 of 1st period - Shot by John Klingberg.
14:03 of 1st period - Stopped by Connor Hellebuyck with a rebound.
14:11 of 1st period - Shot by Brandon Montour.
14:11 of 1st period - Shot Misses the Net.
15:07 of 1st period - Shot by Brock Nelson.
15:07 of 1st period - Shot Misses the Net.
15:35 of 1st period - Shot by John Klingberg.
15:35 of 1st period - Shot Blocked by Gustav Forsling.
15:37 of 1st period - Shot by William Karlsson.
15:37 of 1st period - Shot Misses the Net.
15:53 of 1st period - Shot by Carter Verhaeghe.
15:53 of 1st period - Stopped by Jacob Markstrom without a rebound.
15:54 of 1st period - Teddy Blueger wins face-off versus Sidney Crosby in Lightning zone.
16:01 of 1st period - Nick Jensen is hit by Erik Haula and loses puck.
16:16 of 1st period - Shot by Erik Haula.
16:16 of 1st period - Deflect By Barclay Goodrow.
16:16 of 1st period - Stopped by Connor Hellebuyck without a rebound.
16:17 of 1st period - Anton Lundell wins face-off versus Ryan Strome in Stars zone.
16:17 of 1st period - Sean Durzi is hit by Dawson Mercer and loses puck.
16:59 of 1st period - Off-side.
17:00 of 1st period - Patrice Bergeron wins face-off versus Dylan Larkin in neutral zone.
17:00 of 1st period - Patrice Bergeron is hit by Vincent Trocheck.
17:05 of 1st period - Patrice Bergeron is hit by Marcus Pettersson and loses puck.
17:09 of 1st period - William Karlsson is hit by Marcus Pettersson and loses puck.
17:39 of 1st period - Off-side.
17:40 of 1st period - Elias Lindholm wins face-off versus Brock Nelson in neutral zone.
17:53 of 1st period - Shot by Sidney Crosby.
17:53 of 1st period - Stopped by Jacob Markstrom without a rebound.
17:54 of 1st period - Nazem Kadri wins face-off versus Teddy Blueger in Lightning zone.
17:57 of 1st period - Shot by Carter Verhaeghe.
17:57 of 1st period - Stopped by Jacob Markstrom with a rebound.
18:09 of 1st period - Evan Bouchard is hit by Barclay Goodrow and loses puck.
19:43 of 1st period - Brandon Montour is hit by Vincent Trocheck.
Goals for this period are 1 for Lightning vs 2 for Stars.
Shots for this period are 11 for Lightning vs 9 for Stars.

2nd period


0:01 of 2nd period - Dylan Larkin wins face-off versus Patrice Bergeron in neutral zone.
0:06 of 2nd period - Shot by Dylan Larkin.
0:06 of 2nd period - Stopped by Jacob Markstrom without a rebound.
0:07 of 2nd period - Patrice Bergeron wins face-off versus Sidney Crosby in Lightning zone.
0:14 of 2nd period - Shot by Sidney Crosby.
0:14 of 2nd period - Stopped by Jacob Markstrom without a rebound.
0:15 of 2nd period - Patrice Bergeron wins face-off versus Dylan Larkin in Lightning zone.
0:41 of 2nd period - Icing by Vincent Trocheck.
0:42 of 2nd period - Dylan Larkin wins face-off versus Brock Nelson in Stars zone.
0:42 of 2nd period - Dylan Larkin is hit by Sam Bennett.
0:50 of 2nd period - Shot by Dylan Larkin.
0:50 of 2nd period - Stopped by Jacob Markstrom without a rebound.
0:51 of 2nd period - Brock Nelson wins face-off versus Sidney Crosby in Lightning zone.
0:51 of 2nd period - Brock Nelson is hit by Elias Lindholm.
0:57 of 2nd period - Timo Meier is hit by Sam Bennett and loses puck.
1:10 of 2nd period - Shot by Brock Nelson.
1:10 of 2nd period - Stopped by Connor Hellebuyck without a rebound.
1:11 of 2nd period - William Karlsson wins face-off versus Dylan Larkin in Stars zone.
1:24 of 2nd period - Shot by Jesper Bratt.
1:24 of 2nd period - Shot Misses the Net.
1:26 of 2nd period - Shot by Dylan Larkin.
1:26 of 2nd period - Shot Blocked by John Klingberg.
1:28 of 2nd period - Shot by Vincent Trocheck.
1:28 of 2nd period - Shot Misses the Net.
1:40 of 2nd period - Shot by Tyler Toffoli.
1:40 of 2nd period - Shot Blocked by Gustav Forsling.
2:04 of 2nd period - Off-side.
2:05 of 2nd period - Brock Nelson wins face-off versus Sidney Crosby in neutral zone.
2:32 of 2nd period - Shot by Sam Bennett.
2:32 of 2nd period - Shot Misses the Net.
2:46 of 2nd period - Shot by Sam Bennett.
2:46 of 2nd period - Shot Misses the Net.
2:48 of 2nd period - Shot by Ben Chiarot.
2:48 of 2nd period - Stopped by Connor Hellebuyck without a rebound.
2:49 of 2nd period - Nazem Kadri wins face-off versus Ryan Strome in Stars zone.
3:14 of 2nd period - Shot by Viktor Arvidsson.
3:14 of 2nd period - Stopped by Jacob Markstrom without a rebound.
3:15 of 2nd period - Dylan Larkin wins face-off versus Patrice Bergeron in Lightning zone.
3:16 of 2nd period - Shot by Jesper Bratt.
3:16 of 2nd period - Deflect By Dylan Larkin.
3:16 of 2nd period - Stopped by Jacob Markstrom without a rebound.
3:17 of 2nd period - Sidney Crosby wins face-off versus Patrice Bergeron in Lightning zone.
3:18 of 2nd period - Shot by Elias Lindholm.
3:18 of 2nd period - Shot Misses the Net.
3:20 of 2nd period - Shot by Timo Meier.
3:20 of 2nd period - Stopped by Jacob Markstrom without a rebound.
3:21 of 2nd period - Patrice Bergeron wins face-off versus Sidney Crosby in Lightning zone.
3:43 of 2nd period - Shot by Patrice Bergeron.
3:43 of 2nd period - Shot Misses the Net.
3:48 of 2nd period - Icing by MacKenzie Weegar.
3:49 of 2nd period - Brock Nelson wins face-off versus Sidney Crosby in Stars zone.
5:45 of 2nd period - Icing by Ben Chiarot.
5:46 of 2nd period - Nazem Kadri wins face-off versus Ryan Strome in Lightning zone.
6:11 of 2nd period - Shot by Nazem Kadri.
6:11 of 2nd period - Shot Misses the Net.
6:19 of 2nd period - Shot by Carter Verhaeghe.
6:19 of 2nd period - Shot Blocked by Ben Chiarot.
6:27 of 2nd period - Shot by Viktor Arvidsson.
6:27 of 2nd period - Shot Misses the Net.
6:29 of 2nd period - Shot by Carter Verhaeghe.
6:29 of 2nd period - Deflect By Viktor Arvidsson.
6:29 of 2nd period - Shot Misses the Net.
6:31 of 2nd period - Shot by MacKenzie Weegar.
6:31 of 2nd period - Shot Misses the Net.
7:11 of 2nd period - Shot by Elias Lindholm.
7:11 of 2nd period - Shot Blocked by Andrew Peeke.
7:23 of 2nd period - Shot by Jeff Skinner.
7:23 of 2nd period - Stopped by Connor Hellebuyck without a rebound.
7:24 of 2nd period - Anton Lundell wins face-off versus Patrice Bergeron in Stars zone.
7:30 of 2nd period - Tyler Toffoli is hit by Sean Durzi.
9:23 of 2nd period - Shot by Timo Meier.
9:23 of 2nd period - Shot Misses the Net.
9:25 of 2nd period - Shot by Timo Meier.
9:25 of 2nd period - Shot Blocked by Kevin Shattenkirk.
9:27 of 2nd period - Shot by Nick Jensen.
9:27 of 2nd period - Shot Blocked by Brock Nelson.
9:29 of 2nd period - Shot by Marcus Pettersson.
9:29 of 2nd period - Shot Misses the Net.
9:31 of 2nd period - Shot by Nick Jensen.
9:31 of 2nd period - Shot Misses the Net.
9:33 of 2nd period - Shot by Elias Lindholm.
9:33 of 2nd period - Stopped by Jacob Markstrom without a rebound.
9:34 of 2nd period - Nazem Kadri wins face-off versus Ryan Strome in Lightning zone.
9:43 of 2nd period - Shot by Ryan Strome.
9:43 of 2nd period - Shot Misses the Net.
9:58 of 2nd period - John Klingberg is hit by Marcus Pettersson and loses puck.
10:05 of 2nd period - Shot by Ryan Strome.
10:05 of 2nd period - Shot Blocked by Nick Jensen.
10:28 of 2nd period - Icing by John Klingberg.
10:29 of 2nd period - Elias Lindholm wins face-off versus Ryan Strome in Lightning zone.
10:29 of 2nd period - Sidney Crosby is hit by Brandon Montour and loses puck.
10:51 of 2nd period - Sidney Crosby is hit by Brandon Montour and loses puck.
11:03 of 2nd period - Icing by MacKenzie Weegar.
11:04 of 2nd period - Sidney Crosby wins face-off versus Patrice Bergeron in Stars zone.
11:04 of 2nd period - Sidney Crosby is hit by Patrice Bergeron.
11:14 of 2nd period - Shot by Patrice Bergeron.
11:14 of 2nd period - Shot Misses the Net.
11:16 of 2nd period - Shot by William Karlsson.
11:16 of 2nd period - Shot Blocked by Gustav Forsling.
11:18 of 2nd period - Shot by Patrice Bergeron.
11:18 of 2nd period - Goal by Patrice Bergeron - Lightning : 2 - Stars : 2.
11:19 of 2nd period - Brock Nelson wins face-off versus Dylan Larkin in neutral zone.
12:29 of 2nd period - Nazem Kadri is hit by Radko Gudas and loses puck.
12:32 of 2nd period - Shot by Nazem Kadri.
12:32 of 2nd period - Shot Misses the Net.
12:33 of 2nd period - Minor Penalty to Andrew Peeke for Holding.
12:34 of 2nd period - Teddy Blueger wins face-off versus Sidney Crosby in Lightning zone.
13:04 of 2nd period - Shot by Sidney Crosby.
13:04 of 2nd period - Stopped by Jacob Markstrom without a rebound.
13:05 of 2nd period - Teddy Blueger wins face-off versus Nazem Kadri in Lightning zone.
13:18 of 2nd period - Shot by Dylan Larkin.
13:18 of 2nd period - Shot Misses the Net.
13:20 of 2nd period - Shot by Sean Durzi.
13:20 of 2nd period - Shot Misses the Net.
14:12 of 2nd period - Shot by Gustav Forsling.
14:12 of 2nd period - Shot Misses the Net.
14:20 of 2nd period - Shot by Sidney Crosby.
14:20 of 2nd period - Stopped by Jacob Markstrom with a rebound.
14:24 of 2nd period - Shot by Evan Bouchard.
14:24 of 2nd period - Shot Misses the Net.
14:46 of 2nd period - Shot by Jeff Skinner.
14:46 of 2nd period - Stopped by Connor Hellebuyck without a rebound.
14:47 of 2nd period - Patrice Bergeron wins face-off versus Anton Lundell in Stars zone.
14:58 of 2nd period - Shot by Tyler Toffoli.
14:58 of 2nd period - Stopped by Connor Hellebuyck with a rebound.
15:00 of 2nd period - Shot by Radko Gudas.
15:00 of 2nd period - Shot Misses the Net.
16:05 of 2nd period - Shot by Brock Nelson.
16:05 of 2nd period - Stopped by Connor Hellebuyck with a rebound.
16:07 of 2nd period - Shot by Brandon Montour.
16:07 of 2nd period - Stopped by Connor Hellebuyck without a rebound.
16:08 of 2nd period - Sidney Crosby wins face-off versus Teddy Blueger in Stars zone.
16:17 of 2nd period - Shot by Elias Lindholm.
16:17 of 2nd period - Stopped by Jacob Markstrom with a rebound.
17:29 of 2nd period - Jesper Bratt is hit by Ben Chiarot.
17:32 of 2nd period - Dylan Larkin is hit by Ben Chiarot and loses puck.
17:39 of 2nd period - Shot by Dylan Larkin.
17:39 of 2nd period - Stopped by Jacob Markstrom without a rebound.
17:40 of 2nd period - Nazem Kadri wins face-off versus Patrice Bergeron in Lightning zone.
17:43 of 2nd period - Shot by Viktor Arvidsson.
17:43 of 2nd period - Deflect By Nazem Kadri.
17:43 of 2nd period - Shot Blocked by William Karlsson.
18:00 of 2nd period - Off-side.
18:01 of 2nd period - Brock Nelson wins face-off versus Anton Lundell in neutral zone.
18:06 of 2nd period - Shot by Brock Nelson.
18:06 of 2nd period - Stopped by Connor Hellebuyck without a rebound.
18:07 of 2nd period - Sidney Crosby wins face-off versus Patrice Bergeron in Stars zone.
18:21 of 2nd period - Off-side.
18:22 of 2nd period - Dylan Larkin wins face-off versus Brock Nelson in neutral zone.
18:22 of 2nd period - Vincent Trocheck is hit by Sam Bennett and loses puck.
18:44 of 2nd period - Andrew Peeke is hit by Vincent Trocheck and loses puck.
19:00 of 2nd period - Vincent Trocheck is hit by Andrew Peeke and loses puck.
19:07 of 2nd period - Shot by Dylan Larkin.
19:07 of 2nd period - Shot Misses the Net.
19:14 of 2nd period - Minor Penalty to Radko Gudas for Interference.
19:15 of 2nd period - Sidney Crosby wins face-off versus Teddy Blueger in Lightning zone.
19:15 of 2nd period - Sidney Crosby is hit by Brandon Montour.
19:21 of 2nd period - Shot by Timo Meier.
19:21 of 2nd period - Stopped by Jacob Markstrom without a rebound.
19:22 of 2nd period - Nazem Kadri wins face-off versus Teddy Blueger in Lightning zone.
19:23 of 2nd period - Shot by MacKenzie Weegar.
19:23 of 2nd period - Stopped by Jacob Markstrom with a rebound.
19:25 of 2nd period - Shot by Nazem Kadri.
19:25 of 2nd period - Stopped by Jacob Markstrom without a rebound.
19:26 of 2nd period - Sidney Crosby wins face-off versus Teddy Blueger in Lightning zone.
19:29 of 2nd period - Shot by Timo Meier.
19:29 of 2nd period - Stopped by Jacob Markstrom without a rebound.
19:30 of 2nd period - Carter Verhaeghe wins face-off versus Teddy Blueger in Lightning zone.
19:30 of 2nd period - Carter Verhaeghe is hit by Brandon Montour.
19:36 of 2nd period - Shot by MacKenzie Weegar.
19:36 of 2nd period - Stopped by Jacob Markstrom with a rebound.
19:38 of 2nd period - Shot by Carter Verhaeghe.
19:38 of 2nd period - Stopped by Jacob Markstrom without a rebound.
19:39 of 2nd period - Jesper Bratt wins face-off versus Teddy Blueger in Lightning zone.
19:42 of 2nd period - Shot by Timo Meier.
19:42 of 2nd period - Stopped by Jacob Markstrom without a rebound.
19:43 of 2nd period - Teddy Blueger wins face-off versus Sidney Crosby in Lightning zone.
Goals for this period are 1 for Lightning vs 0 for Stars.
Shots for this period are 9 for Lightning vs 18 for Stars.

3rd period


0:01 of 3rd period - Sidney Crosby wins face-off versus Teddy Blueger in neutral zone.
0:20 of 3rd period - Shot by Sidney Crosby.
0:20 of 3rd period - Shot Misses the Net.
0:22 of 3rd period - Shot by Gustav Forsling.
0:22 of 3rd period - Shot Misses the Net.
0:24 of 3rd period - Shot by Evan Bouchard.
0:24 of 3rd period - Stopped by Jacob Markstrom without a rebound.
0:25 of 3rd period - Teddy Blueger wins face-off versus Nazem Kadri in Lightning zone.
1:07 of 3rd period - Dylan Larkin is hit by John Klingberg.
1:41 of 3rd period - Anton Lundell is hit by Patrice Bergeron and loses puck.
1:54 of 3rd period - Shot by Patrice Bergeron.
1:54 of 3rd period - Stopped by Connor Hellebuyck without a rebound.
1:55 of 3rd period - Sidney Crosby wins face-off versus Brock Nelson in Stars zone.
1:55 of 3rd period - Sidney Crosby is hit by Sam Bennett.
2:11 of 3rd period - Icing by Jeff Skinner.
2:12 of 3rd period - Dylan Larkin wins face-off versus Brock Nelson in Lightning zone.
2:14 of 3rd period - Jesper Bratt is hit by Radko Gudas and loses puck.
2:25 of 3rd period - Shot by Brock Nelson.
2:25 of 3rd period - Shot Misses the Net.
2:35 of 3rd period - Shot by Brock Nelson.
2:35 of 3rd period - Shot Blocked by Sean Durzi.
2:37 of 3rd period - Shot by Andrew Peeke.
2:37 of 3rd period - Stopped by Connor Hellebuyck without a rebound.
2:38 of 3rd period - Patrice Bergeron wins face-off versus Sidney Crosby in Stars zone.
2:49 of 3rd period - Shot by Patrice Bergeron.
2:49 of 3rd period - Stopped by Connor Hellebuyck with a rebound.
2:57 of 3rd period - Shot by Patrice Bergeron.
2:57 of 3rd period - Shot Blocked by Gustav Forsling.
3:40 of 3rd period - Off-side.
3:41 of 3rd period - Jeff Skinner wins face-off versus Dylan Larkin in neutral zone.
3:51 of 3rd period - Icing by Marcus Pettersson.
3:52 of 3rd period - Dylan Larkin wins face-off versus Ryan Strome in Stars zone.
3:52 of 3rd period - Dylan Larkin is hit by Ryan Strome.
4:02 of 3rd period - Shot by Vincent Trocheck.
4:02 of 3rd period - Stopped by Jacob Markstrom with a rebound.
4:04 of 3rd period - Shot by Marcus Pettersson.
4:04 of 3rd period - Shot Misses the Net.
4:06 of 3rd period - Shot by Marcus Pettersson.
4:06 of 3rd period - Shot Blocked by Kevin Shattenkirk.
4:08 of 3rd period - Shot by Dylan Larkin.
4:08 of 3rd period - Shot Blocked by Ben Chiarot.
4:10 of 3rd period - Shot by Vincent Trocheck.
4:10 of 3rd period - Shot Hit the Post.
4:12 of 3rd period - Shot by Dylan Larkin.
4:12 of 3rd period - Shot Misses the Net.
4:14 of 3rd period - Shot by Nick Jensen.
4:14 of 3rd period - Shot Misses the Net.
4:18 of 3rd period - Shot by Dylan Larkin.
4:18 of 3rd period - Stopped by Jacob Markstrom without a rebound.
4:19 of 3rd period - Brock Nelson wins face-off versus Sidney Crosby in Lightning zone.
4:19 of 3rd period - Jeff Skinner is hit by Timo Meier and loses puck.
4:21 of 3rd period - Minor Penalty to Radko Gudas for Roughing.
4:22 of 3rd period - Teddy Blueger wins face-off versus Sidney Crosby in Lightning zone.
4:22 of 3rd period - Teddy Blueger is hit by Timo Meier.
4:44 of 3rd period - Shot by Gustav Forsling.
4:44 of 3rd period - Stopped by Jacob Markstrom without a rebound.
4:45 of 3rd period - Teddy Blueger wins face-off versus Nazem Kadri in Lightning zone.
4:45 of 3rd period - Teddy Blueger is hit by Nazem Kadri.
4:55 of 3rd period - Teddy Blueger is hit by Dylan Larkin and loses puck.
5:18 of 3rd period - Shot by Carter Verhaeghe.
5:18 of 3rd period - Shot Misses the Net.
6:05 of 3rd period - Icing by Evan Bouchard.
6:06 of 3rd period - Sidney Crosby wins face-off versus Teddy Blueger in Stars zone.
6:11 of 3rd period - Shot by Timo Meier.
6:11 of 3rd period - Shot Blocked by Teddy Blueger.
6:13 of 3rd period - Shot by Timo Meier.
6:13 of 3rd period - Deflect By Jesper Bratt.
6:13 of 3rd period - Shot Misses the Net.
6:19 of 3rd period - Shot by Gustav Forsling.
6:19 of 3rd period - Shot Misses the Net.
6:21 of 3rd period - Shot by Timo Meier.
6:21 of 3rd period - Stopped by Jacob Markstrom without a rebound.
6:22 of 3rd period - Anton Lundell wins face-off versus Patrice Bergeron in Lightning zone.
6:25 of 3rd period - Shot by Rickard Rakell.
6:25 of 3rd period - Shot Misses the Net.
6:37 of 3rd period - Shot by Rickard Rakell.
6:37 of 3rd period - Shot Hit the Post.
6:39 of 3rd period - Shot by Anton Lundell.
6:39 of 3rd period - Shot Misses the Net.
6:59 of 3rd period - Shot by Rickard Rakell.
6:59 of 3rd period - Stopped by Jacob Markstrom without a rebound.
7:00 of 3rd period - Brock Nelson wins face-off versus Sidney Crosby in Lightning zone.
7:12 of 3rd period - Shot by Sam Bennett.
7:12 of 3rd period - Stopped by Connor Hellebuyck without a rebound.
7:13 of 3rd period - Nazem Kadri wins face-off versus Ryan Strome in Stars zone.
7:13 of 3rd period - Nazem Kadri is hit by Dawson Mercer.
7:14 of 3rd period - Minor Penalty to Ryan Strome for Holding.
7:15 of 3rd period - Teddy Blueger wins face-off versus Sidney Crosby in Lightning zone.
7:24 of 3rd period - Shot by Gustav Forsling.
7:24 of 3rd period - Deflect By Timo Meier.
7:24 of 3rd period - Stopped by Jacob Markstrom without a rebound.
7:25 of 3rd period - Teddy Blueger wins face-off versus Sidney Crosby in Lightning zone.
7:31 of 3rd period - Icing by Sidney Crosby.
7:32 of 3rd period - Erik Haula wins face-off versus Sidney Crosby in Stars zone.
7:57 of 3rd period - Shot by Gustav Forsling.
7:57 of 3rd period - Shot Misses the Net.
7:59 of 3rd period - Shot by Evan Bouchard.
7:59 of 3rd period - Shot Misses the Net.
8:45 of 3rd period - Shot by Dylan Larkin.
8:45 of 3rd period - Stopped by Jacob Markstrom without a rebound.
8:46 of 3rd period - Barclay Goodrow wins face-off versus Nazem Kadri in Lightning zone.
8:52 of 3rd period - Icing by Dylan Larkin.
8:53 of 3rd period - Barclay Goodrow wins face-off versus Nazem Kadri in Stars zone.
9:21 of 3rd period - Shot by Rickard Rakell.
9:21 of 3rd period - Stopped by Jacob Markstrom without a rebound.
9:22 of 3rd period - Sidney Crosby wins face-off versus Patrice Bergeron in Lightning zone.
9:27 of 3rd period - Shot by Timo Meier.
9:27 of 3rd period - Stopped by Jacob Markstrom without a rebound.
9:28 of 3rd period - Sidney Crosby wins face-off versus Patrice Bergeron in Lightning zone.
9:29 of 3rd period - Shot by Elias Lindholm.
9:29 of 3rd period - Deflect By Timo Meier.
9:29 of 3rd period - Stopped by Jacob Markstrom without a rebound.
9:30 of 3rd period - Sidney Crosby wins face-off versus Patrice Bergeron in Lightning zone.
10:56 of 3rd period - Shot by Brock Nelson.
10:56 of 3rd period - Shot Blocked by Evan Bouchard.
11:00 of 3rd period - Shot by Jeff Skinner.
11:00 of 3rd period - Stopped by Connor Hellebuyck without a rebound.
11:01 of 3rd period - Dylan Larkin wins face-off versus Ryan Strome in Stars zone.
11:01 of 3rd period - Vincent Trocheck is hit by Alex Killorn and loses puck.
11:09 of 3rd period - Vincent Trocheck is hit by Andrew Peeke and loses puck.
11:15 of 3rd period - Icing by Nick Jensen.
11:16 of 3rd period - Dylan Larkin wins face-off versus Teddy Blueger in Stars zone.
11:21 of 3rd period - Shot by Dylan Larkin.
11:21 of 3rd period - Deflect By Jesper Bratt.
11:21 of 3rd period - Shot Blocked by Ben Chiarot.
11:38 of 3rd period - Off-side.
11:39 of 3rd period - Patrice Bergeron wins face-off versus Sidney Crosby in neutral zone.
11:46 of 3rd period - Shot by Patrice Bergeron.
11:46 of 3rd period - Shot Misses the Net.
12:57 of 3rd period - Icing by Kevin Shattenkirk.
12:58 of 3rd period - Nazem Kadri wins face-off versus Brock Nelson in Lightning zone.
13:10 of 3rd period - Nazem Kadri is hit by Ben Chiarot and loses puck.
13:17 of 3rd period - Shot by Carter Verhaeghe.
13:17 of 3rd period - Stopped by Jacob Markstrom without a rebound.
13:18 of 3rd period - Ryan Strome wins face-off versus Dylan Larkin in Lightning zone.
13:18 of 3rd period - Ryan Strome is hit by Vincent Trocheck.
13:30 of 3rd period - Shot by Alex Killorn.
13:30 of 3rd period - Shot Misses the Net.
13:34 of 3rd period - Shot by Ryan Strome.
13:34 of 3rd period - Shot Misses the Net.
13:42 of 3rd period - Shot by Ryan Strome.
13:42 of 3rd period - Stopped by Connor Hellebuyck without a rebound.
13:43 of 3rd period - Nazem Kadri wins face-off versus Patrice Bergeron in Stars zone.
14:18 of 3rd period - Shot by Carter Verhaeghe.
14:18 of 3rd period - Shot Misses the Net.
14:39 of 3rd period - Shot by Sidney Crosby.
14:39 of 3rd period - Shot Misses the Net.
14:51 of 3rd period - Shot by Timo Meier.
14:51 of 3rd period - Shot Blocked by John Klingberg.
14:53 of 3rd period - Shot by Sidney Crosby.
14:53 of 3rd period - Stopped by Jacob Markstrom without a rebound.
14:54 of 3rd period - Dylan Larkin wins face-off versus Brock Nelson in Lightning zone.
14:55 of 3rd period - Shot by Vincent Trocheck.
14:55 of 3rd period - Stopped by Jacob Markstrom without a rebound.
14:56 of 3rd period - Brock Nelson wins face-off versus Jesper Bratt in Lightning zone.
15:15 of 3rd period - Shot by Dylan Larkin.
15:15 of 3rd period - Shot Misses the Net.
16:32 of 3rd period - Shot by Timo Meier.
16:32 of 3rd period - Stopped by Jacob Markstrom without a rebound.
16:33 of 3rd period - Patrice Bergeron wins face-off versus Viktor Arvidsson in Lightning zone.
17:00 of 3rd period - Shot by Tyler Toffoli.
17:00 of 3rd period - Shot Misses the Net.
17:02 of 3rd period - Shot by Patrice Bergeron.
17:02 of 3rd period - Deflect By Tyler Toffoli.
17:02 of 3rd period - Stopped by Connor Hellebuyck without a rebound.
17:03 of 3rd period - Brock Nelson wins face-off versus Sidney Crosby in Stars zone.
17:03 of 3rd period - Brock Nelson is hit by Sean Durzi.
17:37 of 3rd period - Shot by Brock Nelson.
17:37 of 3rd period - Shot Misses the Net.
18:28 of 3rd period - Gustav Forsling is hit by Sam Bennett and loses puck.
19:09 of 3rd period - Minor Penalty to Nazem Kadri for Holding.
19:10 of 3rd period - Elias Lindholm wins face-off versus Patrice Bergeron in Stars zone.
Goals for this period are 0 for Lightning vs 0 for Stars.
Shots for this period are 7 for Lightning vs 15 for Stars.

Overtime #1


0:01 of 1st overtime period - Barclay Goodrow wins face-off versus Anton Lundell in neutral zone.
0:20 of 1st overtime period - Shot by Barclay Goodrow.
0:20 of 1st overtime period - Stopped by Connor Hellebuyck with a rebound.
0:22 of 1st overtime period - Shot by John Klingberg.
0:22 of 1st overtime period - Goal by John Klingberg - Lightning : 3 - Stars : 2.
Goals for this period are 1 for Lightning vs 0 for Stars.
Shots for this period are 2 for Lightning vs 0 for Stars.